 Dungeon Crawl Stone Soup version 0.28.0-47-ge53b351184 (webtiles) character file.

Game seed: 4391100997553586477

162 101zpm the Magician (level 5, -4/35 HPs)
             Began as a Djinni Ice Elementalist on Apr 27, 2022.
             Slain by a wight
             ... wielding a +4 morningstar of freezing
              (7 damage)
             ... on level 3 of the Dungeon.
             The game lasted 00:05:35 (4725 turns).

101zpm the Magician (Djinni Ice Elementalist)       Turns: 4725, Time: 00:05:36

Health: -4/35      AC:  8    Str:  7    XL:     5   Next: 71%
Gold:   117        EV: 13    Int: 19    God:
                   SH:  0    Dex: 13

rFire   + + .      SeeInvis .   (no weapon)
rCold   x . .      Faith    .   (no shield)
rNeg    . . .      Spirit   .   a - +0 robe
rPois   ∞          Reflect  .   (helmet currently unavailable)
rElec   .          Harm     .   (no cloak)
rCorr   .          Rampage  .   (no gloves)
Will    .....                   (boots unavailable)
Stlth   ++........              (no amulet)
HPRegen 0.11/turn               (no ring)
MPRegen 0.00/turn               (no ring)

@: ice-armoured, appendages, flying, very slightly contaminated
A: horns 2, flying, sickness immunity, fire resistance 2, cold vulnerability 1,
float, innate caster, HP casting, extra vitality 1
a: End Transformation


You were on level 3 of the Dungeon.
You had temporarily grown beastly horns.
You visited 1 branch of the dungeon, and saw 3 of its levels.

You collected 117 gold pieces.

Inventory:

Armour
 a - a +0 robe (worn)
Scrolls
 b - a scroll of noise {unknown}
 c - 2 scrolls of immolation {unknown}
 e - a scroll of blinking {unknown}
 f - 2 scrolls of teleportation {unknown}
 i - a scroll of magic mapping {unknown}
 j - a scroll of identify {unknown}
Potions
 d - a potion of curing {unknown}
 g - 2 potions of might {unknown}
 h - a potion of resistance {unknown}
 k - a potion of attraction {unknown}
 l - a potion of berserk rage {unknown}
 m - a potion of heal wounds {unknown}


   Skills:
 + Level 0.3 Fighting
 + Level 3.1 Dodging
 + Level 1.9 Stealth
 + Level 4.7 Spellcasting


You couldn't memorise any spells.
You knew the following spells:

 Your Spells              Type           Power      Damage    Failure   Level
a - Freeze                Ice            88%        1d10      1%          1
b - Frozen Ramparts       Ice            44%        1d6       5%          3
c - Ozocubu's Armour      Ice            22%        N/A       5%          3
d - Hailstorm             Conj/Ice       22%        3d7       19%         4
e - Beastly Appendage     Tmut           44%        N/A       1%          1
f - Corpse Rot            Necr/Air       44%        N/A       2%          2
Your spell library was empty.

Dungeon Overview and Level Annotations

Branches:
Dungeon (3/15)

Altars:
Wu Jian


Innate Abilities, Weirdness & Mutations

You have temporarily grown beastly horns.
You are flying.
You are immune to sickness and miasma.
You are immune to poison.
Your flesh is very heat resistant. (rF++)
You are vulnerable to cold. (rC-)
You float through the air rather than walking.
You learn spells naturally, not from books.
Your magical power is your life essence.
You have superior vitality. (+4 MHP)


Message History

A cannonade of hail descends around you!
The hail pelts the wight!
The wight partially resists.
The wight is heavily damaged.
The wight completely resists.
The wall freezes the wight but does no damage.
Casting: Hailstorm (extremely dangerous; 19% risk of failure)
Confirm with . or Enter, or press ? or * to list all spells.
The spell is extremely dangerous to miscast (19% risk of failure)!
Continue anyway?
Casting: Hailstorm (extremely dangerous; 19% risk of failure)
Press: ? - help, Dir - look around, f - activate You miscast Hailstorm.
You are very lightly contaminated with residual magic.
Nothing appears to happen.
The wight completely resists.
The wall freezes the wight but does no damage.
You closely miss the wight.
The wight is heavily damaged.
The wight completely resists.
The wall freezes the wight but does no damage.
The wight misses you.
You closely miss the wight.
The wight is heavily damaged.
The wight completely resists.
The wall freezes the wight but does no damage.
The wight hits you but does no damage.
You barely miss the wight.
The wight is heavily damaged.
The frozen ramparts melt away.
The wight hits you with a +4 morningstar of freezing!
* * * LOW HITPOINT WARNING * * *
The wight freezes you.
* * * LOW HITPOINT WARNING * * *
Casting: Hailstorm (extremely dangerous; 19% risk of failure)
Confirm with . or Enter, or press ? or * to list all spells.
You don't have enough health to cast this spell.
Unknown command.
You barely miss the wight.
You headbutt the wight, but do no damage.
The wight is heavily damaged.
The wight hits you with a +4 morningstar of freezing!
You die...

#####.#..........#.#
#..##.##
...............#.#.#
##.##.##
#####.##########.#.#
#.##.##
##...†......# #.#.#
#..#.##
##..........# #.#.#
##.#.##
##.....=....#
#.#.###### #...##
##..........#
#.#.##...# ##..##
##..........#
#.#.##...# #..##
##..........#
#@#.##...#####..##
##..........#
#z#............>##
##..........#
#.####...#########
##..........# #.#
#...# #
............#
##'####...# #
##..........#
#....^#...# #
#..........#
#.....#...# #
############
#.....##### #.....#


You could see a wight.

Vanquished Creatures
  An orc priest (D:3)
  2 adders
  3 worms (D:2)
  7 dart slugs
  3 orcs (D:3)
  2 bats
  11 endoplasms
  2 giant cockroaches
  5 hobgoblins
  2 jackals (D:1)
  4 quokkas
  5 ball pythons
  7 frilled lizards
  17 goblins
  5 kobolds
  4 rats
  A spectral kobold (D:1)
81 creatures vanquished.

Notes
Turn   | Place    | Note
-------+----------+-------------------------------------------
     0 | D:1      | 101zpm the Djinni Ice Elementalist began the quest for the
                  | Orb.
     0 | D:1      | Reached XP level 1. HP: 15/15 MP: 0/0
   192 | D:2      | Found the +7 Kryia's mail coat {PotionHeal*2 rC+}
   286 | D:2      | Reached XP level 2. HP: 20/21 MP: 0/0
   510 | D:2      | Found an ornate altar of the Wu Jian Council.
   517 | D:2      | Reached XP level 3. HP: 22/25 MP: 0/0
   517 | D:2      | Learned a level 1 spell: Beastly Appendage
   880 | D:2      | Reached skill level 4 in Spellcasting
  1537 | D:1      | Found a faded altar of an unknown god.
  1542 | D:1      | Reached XP level 4. HP: 18/31 MP: 0/0
  3593 | D:3      | Reached XP level 5. HP: 31/35 MP: 0/0
  3593 | D:3      | Learned a level 2 spell: Corpse Rot
  4725 | D:3      | Slain by a wight

Illustrated notes

Levels and vault maps discovered:
D:1:      psy_arrival_spokes, layout_basic,
          dreamdust_ecumenical_altar_drowned_temple, serial_glass,
          glass_columns_b, glass_columns_b
D:2:      layout_loops_ring, basic_altar
D:3:      layout_basic, minmay_misc_feat_four_crosses, palyth_stone_intersect

Skill      XL: |  1  2  3  4  5 |
---------------+----------------+-----
Spellcasting   | 4 |  4.7
Dodging        | 3 |  3.1
Fighting       | |  0.3
Stealth        | |  1.9

Action                   |  1- 3 |  4- 6 || total
-------------------------+-------+-------++-------
Melee: Unarmed           |     1 |    13 ||    14
       Headbutt          |       |     1 ||     1
 Cast: Freeze            |    54 |    85 ||   139
       Ozocubu's Armour  |       |     1 ||     1
       Beastly Appendage |       |     1 ||     1
       Hailstorm         |       |     1 ||     1
       Frozen Ramparts   |       |     1 ||     1
Armor: Robe              |     3 |    10 ||    13
Dodge: Dodged            |    29 |    44 ||    73
